AoeStats
← Dead"Facil te carreo"Rabbit

Oasis

509190067Analyzed
4v4 RM · 7d ago on Sep 25, 2026· 48m 12s· 8 players
Game mode
Random Map
Map size
Large (8 player)
Population
200
Speed
Normal
Resources
Standard
Victory
Conquest
Starting age
Dark Age
Ending age
Imperial Age
RankedLock teamsTeams togetherTeam positionsShared explorationLock speedFull tech treeHidden civsTurbo modeCheats
Victory
Defeat
🇦🇷 Ethiopians · Argentina
1206
+10
🇦🇷 Varangians · Argentina
1149
+12
1003
+18
🇦🇷 Saracens · Argentina
989
+29
🇺🇸 Saracens · United States
1099
-16
🇺🇸 Lithuanians · United States
1073
-15
🇦🇷 Spanish · Argentina
1039
-14
🇹🇷 Persians · Türkiye
1014
-13
Dragoon
10:58 Feudal Age
15:13 Castle Age
15:32 Bloodlines
15:40 Scale Barding Armor
16:43 Double-Bit Axe
22:42 Chain Barding Armor
22:29 Horse Collar
24:21 Forging
25:44 Iron Casting
28:12 Gold Mining
28:50 Bow Saw
29:22 Heavy Plow
35:14 Imperial Age
32:31 Loom
33:24 Wheelbarrow
34:35 Husbandry
35:36 Cavalier
37:23 Plate Barding Armor
37:39 Hand Cart
38:28 Two-Man Saw
38:00 Crop Rotation
38:03 Fletching
38:58 Conscription
39:24 Stone Mining
40:11 Bodkin Arrow
44:02 Chemistry
43:36 Town Watch
44:15 Bracer
45:35 Caravan
46:05 Coinage
45:46 Guilds
45:23 Paladin
Eagles
11:45 Feudal Age
12:16 Loom
17:00 Castle Age
15:22 Double-Bit Axe
25:51 Husbandry
28:34 Wheelbarrow
30:15 Bloodlines
30:18 Forging
30:13 Scale Barding Armor
31:27 Gold Mining
32:15 Iron Casting
35:54 Chain Barding Armor
40:18 Imperial Age
40:24 Heavy Camel Rider
41:38 Conscription
40:38 Elite Mameluke
43:23 Bow Saw
43:00 Horse Collar
44:31 Gold Shaft Mining
44:34 Plate Barding Armor
45:00 Blast Furnace
45:46 Stone Mining
`TryAki
0:27 Loom
10:38 Feudal Age
32:24 Castle Age
30:35 Double-Bit Axe
30:52 Horse Collar
31:14 Stone Mining
31:38 Gold Mining
Gonza
7:20 Loom
10:00 Feudal Age
10:59 Double-Bit Axe
10:55 Horse Collar
24:45 Castle Age
23:17 Gold Mining
25:00 Forging
25:10 Fletching
26:06 Wheelbarrow
28:42 Padded Archer Armor
28:43 Stone Mining
32:18 Ballistics
36:24 Elite Skirmisher
40:24 Thumb Ring
41:25 Heavy Plow
42:39 Hand Cart
47:31 Imperial Age
Dead"Facil te carreo"Rabbit
2:59 Loom
10:02 Feudal Age
10:47 Double-Bit Axe
13:53 Forging
16:08 Bloodlines
22:09 Castle Age
21:48 Scale Barding Armor
23:26 Chain Barding Armor
23:54 Gold Mining
23:48 Horse Collar
27:00 Iron Casting
30:07 Heavy Plow
31:08 Husbandry
31:12 Fletching
31:51 Bodkin Arrow
35:57 Stone Mining
36:43 Gold Shaft Mining
38:38 Bow Saw
43:48 Wheelbarrow
44:02 Stone Shaft Mining
46:11 Imperial Age
47:15 Plate Barding Armor
47:41 Blast Furnace
47:00 Cavalier
Zayko
7:56 Loom
11:55 Feudal Age
15:54 Wheelbarrow
18:42 Castle Age
18:33 Double-Bit Axe
18:46 Fletching
18:47 Horse Collar
19:09 Town Watch
21:39 Bow Saw
25:12 Fletching
26:51 Hand Cart
27:53 Bodkin Arrow
28:18 Forging
28:15 Scale Barding Armor
29:37 Town Patrol
30:46 Iron Casting
30:32 Chain Barding Armor
31:36 Bloodlines
31:27 Husbandry
31:40 Bloodlines
36:09 Imperial Age
34:10 Ballistics
34:09 Gold Mining
34:10 Stone Mining
34:56 Heavy Plow
36:18 Gold Shaft Mining
37:54 Blast Furnace
37:30 Plate Barding Armor
36:21 Elite Mameluke
37:22 Conscription
37:31 Bracer
39:20 Chemistry
41:47 Two-Man Saw
MAX POWER
6:52 Loom
9:26 Feudal Age
13:44 Fletching
14:38 Padded Archer Armor
18:10 Double-Bit Axe
25:51 Castle Age
24:06 Horse Collar
25:07 Gold Mining
25:56 Crossbowman
26:32 Bodkin Arrow
28:26 Bow Saw
28:18 Heavy Plow
29:12 Leather Archer Armor
33:06 Wheelbarrow
33:10 Thumb Ring
34:35 Ballistics
38:53 Imperial Age
41:12 Bracer
41:24 Scale Mail Armor
41:24 Arbalester
43:06 Forging
44:38 Squires
43:58 Halberdier
45:38 Chain Mail Armor
47:22 Chemistry
48:19 Plate Mail Armor
Gergis Khan
7:54 Loom
10:10 Feudal Age
10:43 Double-Bit Axe
18:27 Horse Collar
22:07 Castle Age
21:59 Arson
23:58 Scale Mail Armor
26:00 Forging
26:45 Squires
28:07 Gold Mining
28:38 Bow Saw
29:28 Chain Mail Armor
31:53 Wheelbarrow
31:06 Town Watch
31:37 Heavy Plow
33:37 Iron Casting
37:35 Fletching
40:36 Imperial Age
37:57 Pikeman
38:24 Vendel Legacy
39:41 Stone Mining
40:24 Hand Cart
40:51 Gambesons
41:56 Plate Mail Armor
42:27 Blast Furnace
41:52 Conscription
41:10 Gothikon
41:38 Elite Varangian Guard
42:44 Halberdier
45:02 Murder Holes
46:08 Chemistry
44:49 Treadmill Crane
45:15 Siege Engineers
Connection lost

Rejoining the realm…

Still unreachable

The connection could not be restored.

Session expired

The server has moved on; the page needs a fresh start.